 Dungeon Crawl Stone Soup version 0.21.1-1-g345015f (webtiles) character file.

120 Kairos the Shield-Bearer (level 5, 33/42 HPs)
             Began as a Formicid Fighter on Apr 5, 2018.
             Got out of the dungeon alive.
             The game lasted 00:03:05 (2244 turns).

Kairos the Shield-Bearer (Formicid Fighter)         Turns: 2244, Time: 00:03:05

Health: 33/42      AC:  7    Str: 21    XL:     5   Next: 25%
Magic:  5/5        EV:  8    Int:  7    God:
Gold:   111        SH:  9    Dex: 11    Spells: 4/4 levels left

rFire    . . .     SeeInvis +   a - +1 quarterstaff
rCold    . . .     Gourm    .   c - +0 shield
rNeg     . . .     Faith    .   b - +0 scale mail
rPois    .         Spirit   .   (helmet unavailable)
rElec    .         Reflect  .   (no cloak)
rCorr    .         Harm     .   (no gloves)
MR       .....                  (no boots)
Stlth    ..........             (no amulet)
HPRegen  0.14/turn              (no ring)
MPRegen  0.09/turn              (no ring)

@: no status effects
A: permanent stasis, dig shafts and tunnels, four strong arms, antennae 3
a: Dig, Shaft Self


You escaped.
You were hungry.

You visited 1 branch of the dungeon, and saw 3 of its levels.

You collected 111 gold pieces.

Inventory:

Hand Weapons
 a - a +1 quarterstaff (weapon)
Armour
 b - a +0 scale mail (worn)
 c - a +0 shield (worn)
Wands
 m - a wand of digging (15)
Scrolls
 l - 2 scrolls of teleportation
Potions
 d - a potion of might
 e - a potion of brilliance
 i - a potion of agility
 n - a potion of invisibility
Comestibles
 f - 5 rations


   Skills:
 + Level 3.9 Fighting
 + Level 3.1 Staves
 + Level 4.1 Armour
 + Level 0.2 Dodging
 + Level 1.1 Stealth
 + Level 4.5 Shields


You had 4 spell levels left.
You didn't know any spells.

Dungeon Overview and Level Annotations

Branches:
Dungeon (3/15)

Altars:
The Shining One


Innate Abilities, Weirdness & Mutations

You cannot be hasted, slowed, berserked, paralysed or teleported.
You can dig through walls and to a lower floor.
Your four strong arms can wield two-handed weapons with a shield.
You have a pair of large antennae on your head. (SInv)


Message History

No target in view!
No target in view!
No target in view!
No target in view!
No target in view!
Items here: ))) [[ ††
There is an escape hatch in the floor here.
l - 2 scrolls of teleportation (gained 1)
You are feeling hungry.
There is a stone staircase leading up here.
You climb upwards.
There is a stone staircase leading down here.
There is an escape hatch in the ceiling here.
A mysterious force pulls you upwards. The hatch slams shut behind you.
There is a stone staircase leading down here.
You see here a club.
There is an open door here.
There is a staircase leading out of the dungeon here.
Are you sure you want to leave the Dungeon?
This will make you lose the game!
You have escaped!

##.###.##...#
##.#.###...# ##.## ##..#
#># #...# #.# #.######
######.# #.#....####
.......####.#....##.#
.##.......#.'....##.#####
.##..####.#.#...@##.....#
.##..##.....#######.###)#
###..##.#.....# #.#
#.##### .....##.#.#...#
##.# #.....#
####......###.# #..#
#####.# ####)### #.# ####
#)# ####.#####.# #.#
#.......##.###### ###.###
####.##.##.##......#
#.....#


There were no monsters in sight!

Vanquished Creatures
  4 gnolls (D:2)
  2 adders
  3 dart slugs
  A leopard gecko (D:1)
  3 orcs (D:3)
  A ball python (D:2)
  A bat (D:2)
  4 giant cockroaches
  4 hobgoblins (D:1)
  2 quokkas
  3 frilled lizards
  9 goblins
  8 kobolds
  10 rats
55 creatures vanquished.

Notes
Turn   | Place    | Note
-------+----------+-------------------------------------------
     0 | D:1      | Kairos the Formicid Fighter began the quest for the Orb.
     0 | D:1      | Reached XP level 1. HP: 18/18 MP: 1/1
   189 | D:1      | Reached XP level 2. HP: 24/24 MP: 2/2
   560 | D:1      | Reached XP level 3. HP: 17/29 MP: 3/3
   788 | D:1      | Found a glowing golden altar of the Shining One.
  1545 | D:2      | Reached XP level 4. HP: 36/36 MP: 4/4
  1755 | D:2      | Reached skill level 1 in Stealth
  2010 | D:2      | Reached XP level 5. HP: 41/42 MP: 5/5
  2244 | D:$      | Got out of the dungeon alive.

Skill      XL: |  1  2  3  4  5 |
---------------+----------------+-----
Shields        | 4 |  4.5
Stealth        | 1 |  1.1
Staves         | 3 |  3.1
Armour         | 4 |  4.1
Fighting       | |  3.9
Dodging        | |  0.2

Action                   |  1- 3 |  4- 6 || total
-------------------------+-------+-------++-------
Melee: Quarterstaff      |   100 |    88 ||   188
 Abil: Dig               |       |     1 ||     1
  Use: Scroll            |       |     9 ||     9
  Eat: Chunk             |     1 |     3 ||     4
Armor: Scale mail        |    32 |    34 ||    66
Dodge: Dodged            |    33 |    25 ||    58
Block: Shield            |    49 |    44 ||    93
